 Dungeon Crawl Stone Soup version 0.31.0-11-ge490571c62 (webtiles) character file.

Game seed: 14042995099456558653

73 qw the Shooter (level 4, -2/25 HPs)
             Began as a Deep Elf Hunter on Feb 5, 2024.
             Slain by an iguana (8 damage)
             ... on level 4 of the Dungeon.
             The game lasted 00:00:05 (1073 turns).

qw the Shooter (Deep Elf Hunter)                    Turns: 1073, Time: 00:00:05

Health: -2/25      AC:  2    Str: 10    XL:     4   Next: 8%
Magic:  6/6        EV: 13    Int: 14    God:
Gold:   78         SH:  0    Dex: 18    Spells: 3/3 levels left

rFire   . . .        a - +0 shortbow
rCold   . . .        (shield currently unavailable)
rNeg    . . .        (no body armour)
rPois   .            (no helmet)
rElec   .            (no cloak)
rCorr   .            g - +0 pair of gloves
SInv    .            b - +0 pair of boots
Will    .....        (no amulet)
Stlth   ++           (no ring)
HPRegen 0.24/turn    (no ring)
MPRegen 0.10/turn

%: no passive effects
@: no status effects
A: no striking features
a: no special abilities


You were on level 4 of the Dungeon.
You visited 1 branch of the dungeon, and saw 3 of its levels.

You collected 78 gold pieces.


   Skills:
 - Level 1.5 Fighting
 + Level 7.5 Ranged Weapons
 - Level 2.4 Dodging
 - Level 1.2 Stealth


You had 3 spell levels left.
You didn't know any spells.
Your spell library was empty.

Inventory:

Hand Weapons
 a - a +0 shortbow (weapon)
Armour
 b - a +0 pair of boots (worn)
 c - a +0 leather armour
 f - a +0 ring mail
 g - a +0 pair of gloves (worn)
Scrolls
 h - a scroll of identify {unknown}
Potions
 d - a potion of attraction {unknown}
 e - a potion of magic {unknown}

Dungeon Overview and Level Annotations

Branches:
Dungeon (4/15)             Temple (0/1) D:4

Altars:


Message History

You start removing your armour.
You continue taking off your +0 leather armour. x3
The iguana bites you!
You continue taking off your +0 leather armour.
The iguana closely misses you.
You finish taking off your +0 leather armour.
You shoot an arrow. The arrow hits the iguana.
The iguana is lightly wounded.
The iguana completely misses you.
You shoot an arrow. The arrow closely misses the iguana.
The iguana bites you.
You shoot an arrow. The arrow hits the iguana.
The iguana is moderately wounded.
The iguana bites you.
You shoot an arrow.
The arrow hits the iguana but does no damage.
The iguana is moderately wounded.
The iguana closely misses you.
You shoot an arrow. The arrow barely misses the iguana.
The iguana misses you.
You shoot an arrow.
The arrow hits the iguana but does no damage.
The iguana is moderately wounded.
The iguana closely misses you.
You shoot an arrow. The arrow hits the iguana.
The iguana is severely wounded.
The iguana closely misses you.
You shoot an arrow.
The arrow hits the iguana but does no damage.
The iguana is severely wounded.
The iguana barely misses you.
You shoot an arrow. The arrow barely misses the iguana.
The iguana closely misses you.
You shoot an arrow.
The arrow hits the iguana but does no damage.
The iguana is severely wounded.
The iguana bites you!
You shoot an arrow. The arrow barely misses the iguana.
The iguana bites you!
You die...

.###..##...##..#
.........#.....#
#.######..%###.#
##.####.##
##...##...#
#.....#.#.#
#....>...#...
..........###.#
.#....###@# .#
#.. #l# # .. .?.
. #...# .....#
..#...# ..!..#..
>...#. ##


You could see an iguana.

Vanquished Creatures
  An adder (D:2)
  An adder skeleton (D:2)
  2 dart slugs
  2 ribbon worms
  6 ball pythons
  7 endoplasms
  6 giant cockroaches
  3 goblins (D:1)
  2 hobgoblins
  3 kobolds
  3 quokkas
  3 ball python skeletons (D:2)
  2 bats (D:1)
  4 frilled lizards
  A quokka skeleton (D:2)
  3 rats
49 creatures vanquished.

Notes
Turn   | Place    | Note
-------+----------+-------------------------------------------
     0 | D:1      | qw the Deep Elf Hunter began the quest for the Orb.
     0 | D:1      | Reached XP level 1. HP: 12/12 MP: 3/3
     0 | D:1      | 0 ||| qw: Version: 0.3-a-160-g6735b56
     0 | D:1      | 0 ||| qw: Game counter: 6125
     0 | D:1      | 0 ||| qw: Melee chars always use a shield: true
     0 | D:1      | 0 ||| qw: God list: Okawaru
     0 | D:1      | 0 ||| qw: Allow faded altars: false
     0 | D:1      | 0 ||| qw: Do Orc after clearing Dungeon:15 true
     0 | D:1      | 0 ||| qw: Do second Lair branch before Depths: true
     0 | D:1      | 0 ||| qw: Lair rune preference: random
     0 | D:1      | 0 ||| qw: Goals: Normal
     0 | D:1      | 0 ||| PLANNING D:1-11
    72 | D:1      | 72 ||| DROPPING scroll of butterflies.
    75 | D:1      | Reached XP level 2. HP: 16/16 MP: 4/4
    86 | D:1      | Reached skill level 6 in Ranged Weapons
   201 | D:1      | 201 ||| UPGRADING to +0 pair of boots.
   208 | D:1      | HP: 4/16 [frozen (4)]
   296 | D:1      | Reached XP level 3. HP: 20/20 MP: 5/5
   297 | D:1      | 297 ||| UPGRADING to +0 pair of gloves.
   587 | D:1      | 587 ||| READING 2 scrolls labelled XIEDONEANE.
   588 | D:1      | 588 ||| DROPPING scroll of blinking.
   678 | D:2      | Reached skill level 7 in Ranged Weapons
   784 | D:2      | 784 ||| DROPPING +3 sling.
   825 | D:2      | 825 ||| FLEEEEING.
   826 | D:2      | 826 ||| FLEEEEING.
   827 | D:2      | 827 ||| FLEEEEING.
   828 | D:2      | 828 ||| FLEEEEING.
   829 | D:2      | 829 ||| FLEEEEING.
   831 | D:2      | 831 ||| FLEEEEING.
   832 | D:2      | 832 ||| FLEEEEING.
   834 | D:2      | 834 ||| FLEEEEING.
   835 | D:2      | 835 ||| FLEEEEING.
   837 | D:2      | 837 ||| FLEEEEING.
   844 | D:2      | Reached XP level 4. HP: 25/25 MP: 6/6
   925 | D:2      | You fall into a shaft and drop 2 floors!
   948 | D:4      | HP: 6/25 [ribbon worm (5)]
  1055 | D:4      | Found a staircase to the Ecumenical Temple.
  1056 | D:4      | 1056 ||| PLANNING TEMPLE
  1057 | D:4      | 1057 ||| UPGRADING to +0 ring mail.
  1058 | D:4      | 1058 ||| UPGRADING to +0 ring mail.
  1072 | D:4      | HP: 6/25 [iguana (7)]
  1073 | D:4      | Slain by an iguana

Levels and vault maps discovered:
D:1:      elethiomel_arrival_fortress_basement, layout_rooms, serial_glass,
          glass_columns_a, glass_columns_a, glass_columns_c, glass_columns_b,
          glass_columns_a, feat_on_display, minmay_strange_pillars,
          due_unseen_surprise, feat_on_display, minmay_tiny_reverse_x
D:2:      layout_basic, serial_undead, serial_undead_a, serial_undead_c,
          serial_undead_a, serial_undead_c, serial_undead_b, serial_undead_c,
          serial_undead_f, basic_altar
D:4:      layout_loops_ring, minmay_temple_entry_glass, st_stairs_13

Skill      XL: |  1  2  3 |
---------------+----------+-----
Ranged Weapons | 6 7 |  7.5
Fighting       | |  1.5
Dodging        | |  2.4
Stealth        | |  1.2

Action                     |  1- 3 |  4- 6 || total
---------------------------+-------+-------++-------
   Fire: Shortbow          |   104 |    21 ||   125
    Use: Scroll            |     1 |       ||     1
 Armour: Leather armour    |    14 |     9 ||    23
         Skin              |       |     4 ||     4
  Dodge: Dodged            |    16 |    10 ||    26

Table legend:
 A = Non-vault XP
 B = Vault XP
 C = Vault XP percentage of total XP
 D = Non-vault monster count
 E = Vault monster count
 F = Vault count percentage of total count
                 A         B        C        D         E       F
            +---------+---------+-------+---------+---------+-------
      Total |      88 |      17 |  16.2 |      41 |       8 |  16.3
            +---------+---------+-------+---------+---------+-------
        D:1 |      47 |       8 |  14.5 |      27 |       3 |  10.0
        D:2 |      36 |       9 |  20.0 |      12 |       5 |  29.4
        D:4 |       5 |       0 |   0.0 |       2 |       0 |   0.0
            +---------+---------+-------+---------+---------+-------
